 Dungeon Crawl Stone Soup version 0.24.0 (webtiles) character file.

Game seed: 14255903079491523812, levelgen mode: deterministic

1137 Buxparty the Slasher (level 8, -5/51 HPs)
             Began as a Gargoyle Fighter on Mar 21, 2020.
             Was an Initiate of Gozag.
             Slain by Prince Ribbit (11 damage)
             ... on level 4 of the Dungeon.
             The game lasted 00:11:37 (4036 turns).

Buxparty the Slasher (Gargoyle Fighter)             Turns: 4036, Time: 00:11:38

Health: -5/51      AC: 18    Str: 23    XL:     8   Next: 36%
Magic:  8/8        EV:  8    Int:  8    God:    Gozag
Gold:   194        SH: 10    Dex: 11    Spells: 7/7 levels left

rFire    + . .     SeeInvis .   a - +0 long sword
rCold    . . .     Gourm    .   c - +0 shield
rNeg     + . .     Faith    .   b - +0 scale mail
rPois    ∞         Spirit   .   o - +0 helmet
rElec    +         Reflect  .   v - +0 cloak
rCorr    .         Harm     .   j - +0 pair of gloves
MR       .....                  (no boots)
Stlth    ..........             (no amulet)
HPRegen  0.17/turn              n - ring of protection from fire
MPRegen  0.11/turn              (no ring)

@: no status effects
A: iridescent scales 1, agile 1, negative energy resistance 1, electricity
resistance, unbreathing, petrification resistance, rot immunity, AC +5
a: Potion Petition, Call Merchant, Bribe Branch, Renounce Religion


You were on level 4 of the Dungeon.
You worshipped Gozag.
Gozag was aware of your devotion.
You were not hungry.

You visited 2 branches of the dungeon, and saw 6 of its levels.

You collected 238 gold pieces.
You paid 44 gold pieces to Gozag.

Inventory:

Hand Weapons
 a - a +0 long sword (weapon)
Armour
 b - a +0 scale mail (worn)
 c - a +0 shield (worn)
 j - a +0 pair of gloves (worn)
 o - a +0 helmet (worn)
 v - a +0 cloak (worn)
Jewellery
 n - a ring of protection from fire (left hand)
 w - an uncursed ring of ice
 x - an uncursed ring of protection from cold
Scrolls
 k - 5 scrolls of identify {unknown}
 m - a scroll of fog {unknown}
 p - a scroll of magic mapping {unknown}
 q - a scroll of remove curse {unknown}
 r - a scroll of amnesia {unknown}
 t - 2 scrolls of immolation {unknown}
 u - 2 scrolls of blinking {unknown}
Potions
 d - 2 potions of might
 e - a potion of cancellation {unknown}
 g - a potion of mutation
 l - a potion of lignification
Comestibles
 f - 6 rations


   Skills:
 + Level 5.7 Fighting
 * Level 5.8 Long Blades
 + Level 5.7 Armour
 + Level 5.7 Shields


You had 7 spell levels left.
You didn't know any spells.
Your spell library was empty.

Dungeon Overview and Level Annotations

Branches:
Dungeon (5/15)             Temple (1/1) D:4

Altars:
Cheibriados
Fedhas
Gozag
Kikubaaqudgha
Okawaru
Qazlal
Sif Muna
Trog
Wu Jian
Xom

Shops:
D:4 (*

Annotations:
D:4 Prince Ribbit


Innate Abilities, Weirdness & Mutations

You are resistant to torment.
Your stone body is resilient. (AC +5)
You are immune to poison.
You resist negative energy. (rN+)
You are resistant to electric shocks. (rElec)
You can survive without breathing.
You are immune to petrification.
You are immune to rotting.
You are partially covered in iridescent scales. (AC +2)
You are agile. (Dex +2)


Message History

Prince Ribbit is heavily wounded.
Prince Ribbit blinks!
Prince Ribbit catches a fly with his tongue.
Prince Ribbit croaks regally.
Prince Ribbit barely misses you.
You closely miss Prince Ribbit.
Prince Ribbit is heavily wounded.
Prince Ribbit croaks regally.
Prince Ribbit blinks!
Prince Ribbit hits you.
* * * LOW HITPOINT WARNING * * *
You completely miss Prince Ribbit.
Prince Ribbit is heavily wounded.
You block Prince Ribbit's attack. Prince Ribbit hits you.
* * * LOW HITPOINT WARNING * * *
You miss Prince Ribbit.
Prince Ribbit is heavily wounded.
You block Prince Ribbit's attack. Prince Ribbit hits you!
You die...
Your body crumbles into a pile of gold.

#### #......#.###....#####..
#..###........# #.#.........
##...##...###..# ###..###....
#..........###.# #...# ####.
#........#..##.# ##.#########
####.....#.....###.........÷.
###......>..............÷.
####.....#.#...........#
#...@F####<.........#
###.........##..#####
##.............#
#..##........###
##.....#....## #....###.###
##.### ### ###


You could see Prince Ribbit.

Vanquished Creatures
  Eustachio (D:4)
  3 water moccasins (D:4)
  A sky beast (D:4)
  A centaur (D:5)
  A bullfrog (D:4)
  A scorpion (D:4)
  A crimson imp (D:5)
  An orc wizard (D:4)
  A bullfrog skeleton (D:5)
  A centaur skeleton (D:4)
  A worker ant (D:4)
  4 gnolls (D:4)
  12 adders
  An ooze (D:2)
  An adder skeleton (D:4)
  4 worms
  A dart slug (D:1)
  4 leopard geckos
  11 orcs
  7 giant cockroaches
  5 goblins
  6 hobgoblins
  7 jackals
  4 quokkas
  9 bats
  3 frilled lizards
  A jackal zombie (D:5)
  4 kobolds
  6 rats
103 creatures vanquished.

Notes
Turn   | Place    | Note
-------+----------+-------------------------------------------
     0 | D:1      | Buxparty the Gargoyle Fighter began the quest for the Orb.
     0 | D:1      | Reached XP level 1. HP: 14/14 MP: 1/1
    46 | D:1      | Reached XP level 2. HP: 13/19 MP: 2/2
   518 | D:1      | Reached XP level 3. HP: 20/23 MP: 3/3
   994 | D:2      | Found a stormy altar of Qazlal.
  1126 | D:2      | Reached XP level 4. HP: 15/29 MP: 4/4
  1438 | D:2      | You fall into a shaft and drop 1 floor!
  1817 | D:3      | Reached XP level 5. HP: 32/33 MP: 5/5
  1824 | D:3      | Found a bloodstained altar of Trog.
  2314 | D:4      | Found Oleif Oso's Weapon Boutique.
  2499 | D:4      | Reached XP level 6. HP: 31/39 MP: 6/6
  2619 | D:4      | Noticed a sky beast
  2634 | D:4      | Killed a sky beast
  2668 | D:4      | Reached XP level 7. HP: 42/44 MP: 7/7
  2741 | D:4      | Noticed Eustachio
  2765 | D:4      | Killed Eustachio
  2765 | D:4      | Reached skill level 5 in Fighting
  2765 | D:4      | Reached skill level 5 in Armour
  2765 | D:4      | Reached skill level 5 in Shields
  2912 | D:4      | Found Munugus's Serpentskin Sales.
  2932 | D:4      | Reached skill level 5 in Long Blades
  2949 | D:4      | HP: 2/44 [water moccasin (5)]
  2951 | D:4      | Gained mutation: You are partially covered in iridescent
                  | scales. (AC +2) [potion of mutation]
  2951 | D:4      | Gained mutation: You are agile. (Dex +2) [potion of
                  | mutation]
  2961 | D:4      | Reached XP level 8. HP: 13/50 MP: 8/8
  2968 | D:4      | HP: 3/75 [water moccasin (5)]
  3295 | D:4      | Found a staircase to the Ecumenical Temple.
  3342 | Temple   | Entered the Ecumenical Temple
  3380 | Temple   | Became a worshipper of Gozag Ym Sagoz the Greedy
  3569 | D:5      | Entered Level 5 of the Dungeon
  3619 | D:5      | Noticed Prince Ribbit
  4036 | D:4      | Slain by Prince Ribbit

Levels and vault maps discovered:
D:1:      lightli_arrival_noodles, layout_basic, minmay_misc_feat_chi
D:2:      layout_rooms, grunt_qazlal_clouds, guppyfry_early_lair_pool
D:3:      layout_loops_ring, hangedman_decor_growths, minmay_misc_feat_roman,
          bloody_trog
D:4:      layout_cave_pools, minmay_temple_entry_poolview, serial_shops, shop,
          serial_column_ruins, column_ruins_corridor_water,
          column_ruins_columns_corner, column_ruins_grid_4, column_ruins_grid_2,
          column_ruins_grid_4, column_ruins_columns_corner, guppyfry_shop_venom,
          uniq_eustachio
D:5:      layout_basic, first_ration, uniq_prince_ribbit1, uniq_sigmund
Temple:   nicolae_temple_elliptical
